 Dungeon Crawl Stone Soup version 0.31-a0-1388-g4b2ba238e7 (webtiles) character file.

Game seed: 13352265552411082792

2004 RoseArtemis the Carver (level 9, -1/81 HPs)
             Began as a Hill Orc Monk on Dec 24, 2023.
             Slain by an orc warrior
             ... wielding a +0 glaive
              (9 damage)
             ... in a bailey.
             The game lasted 00:24:58 (6638 turns).

RoseArtemis the Carver (Hill Orc Monk)              Turns: 6638, Time: 00:24:58

Health: -1/81      AC: 12    Str: 21    XL:     9   Next: 22%
Magic:  9/9        EV: 10    Int: 10    God:
Gold:   267        SH:  7    Dex: 13    Spells: 8/8 levels left

rFire   . . .        a - +2 falchion
rCold   + . .        z - +0 kite shield
rNeg    . . .        l - +0 ring mail of Levity {Str+3}
rPois   .            c - +0 helmet
rElec   .            q - +1 cloak
rCorr   .            w - +0 pair of gloves
SInv    .            t - +0 pair of boots
Will    .....        (no amulet)
Stlth   +            B - ring of protection from cold
HPRegen 0.33/turn    (no ring)
MPRegen 0.11/turn

%: no passive effects
@: no status effects
A: no striking features
a: no special abilities


You were in a bailey.
You visited 1 branch of the dungeon, and saw 7 of its levels.
You also visited: Bailey.

You collected 267 gold pieces.

Inventory:

Hand Weapons
 a - a +2 falchion (weapon)
 y - a +3 short sword of freezing
Missiles
 f - 6 javelins (quivered)
 p - 7 poisoned darts
Armour
 c - a +0 helmet (worn)
 d - an orb of light
 l - the +0 ring mail of Levity (worn) {Str+3}
   (You took it off a goblin on level 2 of the Dungeon)

   Str+3:     It affects your strength (+3).
 q - a +1 cloak (worn)
 r - a +0 troll leather armour {Pargi}
 t - a +0 pair of boots (worn)
 w - a +0 pair of gloves (worn)
 z - a +0 kite shield (worn)
Jewellery
 k - a ring of see invisible
 v - a ring of willpower
 B - a ring of protection from cold (left hand)
Wands
 n - a wand of roots (4)
 s - a wand of mindburst (4)
 A - a wand of light (8)
Scrolls
 b - 2 scrolls of butterflies
 e - a scroll of noise
 g - 6 scrolls of blinking
 h - 2 scrolls of enchant armour
 o - 3 scrolls of teleportation
 u - a scroll of revelation
Potions
 i - a potion of might
 j - 2 potions of attraction
 m - a potion of berserk rage
 x - a potion of curing
 C - a potion of heal wounds {unknown}
 D - a potion of magic {unknown}


   Skills:
 + Level 8.0 Fighting
 * Level 9.7 Long Blades
 + Level 6.2 Armour
 - Level 2.5 Dodging


You had 8 spell levels left.
You didn't know any spells.
Your spell library contained the following spells:

 Spells                   Type           Power      Damage    Failure   Level
 Cigotuvi's Dreadful Rot  Necr/Alch/Air  0%         N/A       94%         2
 Stone Arrow              Conj/Erth      0%         3d7       99%         3
 Animate Armour           Summ/Erth      0%         N/A       100%        4
 Ignite Poison            Fire/Alch      0%         N/A       100%        4
 Vhi's Electric Charge    Tloc/Air       0%         N/A       100%        4
 Arcjolt                  Conj/Air       0%         1d10      100%        5
 Freezing Cloud           Conj/Ice/Air   0%         6-21      100%        5
 Plasma Beam              Fire/Air       0%         2x1d10    100%        6
 Lehudib's Crystal Spear  Conj/Erth      0%         10d2      100%        8


Dungeon Overview and Level Annotations

Branches:
Dungeon (7/15)             Temple (0/1) D:7          Bailey (1/1)

Altars:
Ashenzari
Ru

Shops:
D:4 *


Message History

* * * LOW HITPOINT WARNING * * *
The orc knight hits you from afar with a +0 halberd!!
* * * LOW HITPOINT WARNING * * *
You take 43 damage, and have 1/81 hp.
MASSIVE DAMAGE!!
Blink to where?
Press: ? - help, Dir - move target
As you read the scroll of blinking, it crumbles to dust.
Things that are here:
a +0 spear; a +0 chain mail The orc knight no longer looks unusually strong.
Things that are here:
a +0 spear; a +0 scale mail You enter the shallow water.
Moving in this stuff is going to be slow.
You start resting.
An orc warrior is nearby!
You regained 3 hp, and now have 19/81 hp.
You barely miss the orc warrior.
The orc warrior hits you with a +0 glaive.
* * * LOW HITPOINT WARNING * * *
You take 5 damage, and have 14/81 hp.
You barely miss the orc warrior. You block the orc warrior's attack.
You hit the orc warrior but do no damage.
The orc warrior closely misses you.
You feel better.
The orc warrior hits you with a +0 glaive.
* * * LOW HITPOINT WARNING * * *
You regained 6 hp, and now have 21/81 hp.
You hit the orc warrior but do no damage.
You block the orc warrior's attack.
You hit the orc warrior but do no damage.
The orc warrior hits you but does no damage.
You hit the orc warrior. You block the orc warrior's attack.
You hit the orc warrior but do no damage.
The orc warrior hits you with a +0 glaive!
* * * LOW HITPOINT WARNING * * *
You take 14 damage, and have 8/81 hp.
You hit the orc warrior but do no damage.
The orc warrior hits you with a +0 glaive!
You die...

######## ####
.......## ##∩∩#
~~~~~~..## #@.##
.....~~..## ##o.#
.###..~~..######..##
## ##..~~........).#
# ##..~~~~~~~~~~.#
##.....)....~.#
##########.~.#
#.$$$.##.~.# ≈≈.≈≈≈
#.$.##.)~.#


You could see an orc warrior.

Vanquished Creatures
  Sigmund (D:3)
  A steam dragon (D:6)
  An ice beast (D:6)
  Pargi (D:3)
  A black bear (D:6)
  A sky beast (D:6)
  3 ogres
  A centaur (D:6)
  2 scorpions (D:5)
  A gnoll sergeant (D:7)
  5 wights
  3 bombardier beetles
  A gnoll bouda (D:5)
  2 hounds
  A sleepcap (D:4)
  Jessica (D:2)
  Ijyb (D:3)
  An iguana (D:6)
  Robin (D:2)
  8 gnolls
  6 adders
  2 ufetubi (D:5)
  A worm (D:2)
  2 dart slugs (D:4)
  25 orcs
  7 endoplasms
  3 giant cockroaches
  17 goblins
  4 hobgoblins
  3 jackals (D:4)
  4 quokkas
  6 ball pythons
  5 bats
  3 frilled lizards
  8 kobolds
  8 rats
141 creatures vanquished.

Notes
Turn   | Place    | Note
-------+----------+-------------------------------------------
     0 | D:1      | RoseArtemis the Hill Orc Monk began the quest for the Orb.
     0 | D:1      | Reached XP level 1. HP: 19/19 MP: 1/1
   148 | D:1      | Reached XP level 2. HP: 27/27 MP: 2/2
   594 | D:2      | Reached skill level 4 in Long Blades
   594 | D:2      | Reached skill level 1 in Armour
   594 | D:2      | Reached XP level 3. HP: 6/33 MP: 3/3
   758 | D:2      | Noticed Robin
   760 | D:2      | Identified the +0 ring mail of Levity {Str+3}
   785 | D:2      | Killed Robin
  1154 | D:2      | Reached XP level 4. HP: 38/40 MP: 4/4
  1245 | D:2      | Noticed Jessica
  1248 | D:2      | Killed Jessica
  1475 | D:2      | Found the +2 hat of the Bear Spirit {Spirit, Bear, *Rage
                  | Will++}
  1574 | D:2      | Found a faded altar of an unknown god.
  1992 | D:3      | Reached XP level 5. HP: 47/47 MP: 5/5
  2252 | D:3      | Reached skill level 5 in Long Blades
  2331 | D:3      | Noticed Pargi
  2363 | D:3      | Killed Pargi
  2364 | D:3      | Reached skill level 5 in Fighting
  2364 | D:3      | Reached XP level 6. HP: 33/56 MP: 6/6
  2525 | D:3      | Found a broken altar of Ashenzari.
  2525 | D:3      | Noticed Ijyb
  2558 | D:3      | Killed Ijyb
  2811 | D:3      | Noticed Sigmund
  2822 | D:3      | Killed Sigmund
  2823 | D:3      | Reached skill level 6 in Long Blades
  2823 | D:3      | Reached XP level 7. HP: 37/61 MP: 7/7
  3071 | D:4      | Found a sacrificial altar of Ru.
  3133 | D:4      | Found Jenudeat's Overcharged Wands.
  3625 | D:5      | Entered Level 5 of the Dungeon
  3827 | D:5      | Reached skill level 7 in Long Blades
  4184 | D:5      | Reached XP level 8. HP: 54/71 MP: 8/8
  4649 | D:5      | Reached skill level 8 in Long Blades
  5040 | D:6      | Reached skill level 5 in Armour
  5414 | D:6      | Reached skill level 9 in Long Blades
  5444 | D:6      | Reached XP level 9. HP: 15/79 MP: 9/9
  6148 | D:7      | Found a flagged portal.
  6153 | Bailey   | Entered a bailey
  6417 | Bailey   | Noticed an orc knight
  6566 | Bailey   | Noticed an orc knight
  6566 | Bailey   | Noticed an orc knight
  6577 | Bailey   | HP: 1/81 [orc knight/+0 halberd (35)]
  6638 | Bailey   | Slain by an orc warrior

Illustrated notes

Levels and vault maps discovered:
D:1:      dpeg_arrival_lava_temple_mockup, layout_basic
D:2:      layout_loops_corners, dreamdust_ecumenical_altar_hidden_monk_grotto,
          uniq_jessica, uniq_robin
D:3:      layout_loops_ring, evilmike_ruin_ashenzari, uniq_pargi, uniq_sigmund,
          uniq_ijyb
D:4:      layout_basic, hangedman_ru_absence, nicolae_shop_overcharged_wands
D:5:      layout_loops_ring
D:6:      layout_basic
D:7:      layout_loops_cross, minmay_temple_entry_mini_moons, enter_bailey_3
Bailey:   bailey_polearm_1, bailey

Skill      XL: |  1  2  3  4  5  6  7  8  9 |
---------------+----------------------------+-----
Fighting       | 4 5 6 7 8 |  8.0
Long Blades    | 4 5 6 7 9 |  9.7
Armour         | 1 2 3 4 5 6 |  6.2
Dodging        | |  2.5

Action                     |  1- 3 |  4- 6 |  7- 9 || total
---------------------------+-------+-------+-------++-------
  Melee: Falchion          |    99 |   122 |   381 ||   602
  Throw: Javelin           |       |     2 |     1 ||     3
         Dart              |       |    13 |     5 ||    18
  Evoke: Wand              |       |       |     2 ||     2
    Use: Potion            |     1 |     1 |     1 ||     3
         Scroll            |       |       |    14 ||    14
 Armour: Robe              |    48 |       |       ||    48
         Ring mail         |    14 |    67 |   265 ||   346
  Dodge: Dodged            |    66 |    71 |   211 ||   348
  Block: Kite shield       |       |       |    33 ||    33

Table legend: (Time is in decaauts)
 A = Elapsed time spent in this place.
 B = Non-inter-level travel time spent in this place.
 C = Inter-level travel time spent in this place.
 D = Time resting spent in this place.
 E = Time spent auto-exploring this place.
 F = Levels seen in this place.
 G = Mean time per level.
                   A        B        C        D        E       F      G
               +--------+--------+--------+--------+--------+-----+--------+
         Total |   6639 |   6470 |    169 |   1416 |   3343 |   8 |  829.9 |
       Dungeon |   6148 |   5979 |    169 |   1275 |   3257 |   7 |  878.3 |
        Bailey |    490 |    490 |      0 |    141 |     86 |   1 |  490.0 |
               +--------+--------+--------+--------+--------+-----+--------+

Top non-repeatable levels by time:
     D:2: 1327 daAuts
     D:5: 1233 daAuts
     D:3: 1068 daAuts
     D:6: 1038 daAuts
     D:4: 775 daAuts
     D:1: 587 daAuts
  Bailey: 490 daAuts
     D:7: 117 daAuts
